 Dungeon Crawl Stone Soup version 0.28.0 (webtiles) character file.

Game seed: 11437415985244489030

39 Lathuz the Skirmisher (level 3, 0/24 HPs)
             Began as a Gargoyle Fighter on Feb 9, 2022.
             Slain by Natasha (5 damage)
             ... on level 1 of the Dungeon.
             The game lasted 00:03:08 (1117 turns).

Lathuz the Skirmisher (Gargoyle Fighter)            Turns: 1117, Time: 00:03:09

Health: 0/24       AC: 11    Str: 21    XL:     3   Next: 47%
Magic:  0/3        EV:  9    Int:  8    God:
Gold:   76         SH:  4    Dex:  9    Spells: 2/2 levels left

rFire   . . .      SeeInvis .   a - +0 war axe
rCold   . . .      Faith    .   c - +0 buckler
rNeg    + . .      Spirit   +   b - +0 scale mail
rPois   ∞          Reflect  .   j - +0 helmet
rElec   +          Harm     .   (no cloak)
rCorr   .          Rampage  .   (no gloves)
Will    .....                   (no boots)
Stlth   ..........              e - amulet of guardian spirit
HPRegen 0.08/turn               (no ring)
MPRegen 0.08/turn               (no ring)

@: no status effects
A: sickness immunity, AC +3, negative energy resistance 1, electricity
resistance, torment resistance 1, petrification resistance
a: no special abilities


You were on level 1 of the Dungeon.
You visited 1 branch of the dungeon, and saw 2 of its levels.

You collected 76 gold pieces.

Inventory:

Hand Weapons
 a - a +0 war axe (weapon)
Missiles
 f - 4 poisoned darts (quivered)
 s - 39 stones
Armour
 b - a +0 scale mail (worn)
 c - a +0 buckler (worn)
 j - a +0 helmet (worn)
Jewellery
 e - an amulet of guardian spirit (around neck)
Scrolls
 d - 3 scrolls of identify {unknown}
 h - 2 scrolls of vulnerability {unknown}
Potions
 g - a potion of cancellation {unknown}
 i - a potion of brilliance {unknown}
 k - a potion of mutation {unknown}
 M - a potion of might


   Skills:
 - Level 3.8 Fighting
 * Level 3.0 Axes
 - Level 3.2 Armour
 - Level 3.2 Shields


You had 2 spell levels left.
You didn't know any spells.
Your spell library was empty.

Dungeon Overview and Level Annotations

Branches:
Dungeon (2/15)

Altars:

Annotations:
D:1 Natasha


Innate Abilities, Weirdness & Mutations

You are immune to sickness and miasma.
Your stone body is resilient. (AC +3)
You are immune to poison.
You resist negative energy. (rN+)
You are resistant to electric shocks. (rElec)
You are resistant to unholy torment.
You are immune to petrification.


Message History

There is a stone staircase leading up here.
Throw: 5 darts (poison)
Press: ? - help, Q - select action, (/) - cycle Shift-Dir - straight line, f - Natasha
Aim: Natasha (45% to hit)
You throw a poisoned dart.
The poisoned dart completely misses Natasha.
Natasha stares at you and mumbles some strange words.
The magic dart hits you.
You climb upwards.
The iron imp disappears in a puff of smoke!
The shadow imp disappears in a puff of smoke! x2
There is a stone staircase leading down here.
You hit Natasha.
Natasha is lightly wounded.
Natasha claws you!
* * * LOW HITPOINT WARNING * * *
Natasha casts a spell at you. You resist with significant effort.
You barely miss Natasha.
Natasha is lightly wounded.
Natasha claws you.
* * * LOW HITPOINT WARNING * * *
You completely miss Natasha.
Natasha is lightly wounded.
Natasha stares at you and mumbles some strange words.
You resist with significant effort.
You closely miss Natasha.
Natasha is lightly wounded.
You hit Natasha but do no damage.
Natasha is lightly wounded.
You closely miss Natasha.
Natasha is lightly wounded.
Natasha claws you.
* * * LOW HITPOINT WARNING * * *
You hit Natasha.
Natasha is moderately wounded.
You miss Natasha.
Natasha is moderately wounded.
Natasha claws you!
You die...

...#####....#### #)### ####
.#.#####.##.### #.######..#
##.......##..[####.........#
#######.###.........######.#
# ##.......##.##.### #.# #
#..##..####....# #.#
##.##.......###.# #.#
#.....#####.###h### #.#
##.##### #.##@...# #.# ##..#
#.##†##.## ##.# ....#####
##.##.##..####..#
........####.....###....#.##
...........#.....# ####...#
........##.......# ##..#
############...########...#
#############...........#.###
..............####.....)....#


You could see Natasha.

Vanquished Creatures
  An adder (D:2)
  4 endoplasms
  2 giant cockroaches (D:1)
  2 goblins (D:1)
  A hobgoblin (D:2)
  3 quokkas (D:1)
  4 ball pythons
  3 bats (D:1)
  3 frilled lizards
  3 kobolds (D:1)
  4 rats (D:1)
30 creatures vanquished.

Notes
Turn   | Place    | Note
-------+----------+-------------------------------------------
     0 | D:1      | Lathuz the Gargoyle Fighter began the quest for the Orb.
     0 | D:1      | Reached XP level 1. HP: 14/14 MP: 1/1
    60 | D:1      | Found a faded altar of an unknown god.
   181 | D:1      | Reached XP level 2. HP: 15/19 MP: 2/2
   726 | D:1      | Reached XP level 3. HP: 17/24 MP: 1/3
  1087 | D:2      | Noticed Natasha
  1117 | D:1      | Slain by Natasha

Illustrated notes

Levels and vault maps discovered:
D:1:      mrwooster_arrival_statue_3, layout_rooms,
          ebering_ecumenical_altar_mist, minmay_octomino_j4
D:2:      layout_basic, serial_shops, nicolae_shop_waterfront,
          hangedman_feature_mirror, uniq_crazy_yiuf_cottage, uniq_natasha

Skill      XL: |  1  2  3 |
---------------+----------+-----
Axes           | 2 3 |  3.0
Fighting       | |  3.8
Armour         | |  3.2
Shields        | |  3.2

Action                   || total
-------------------------++-------
Melee: War axe           ||   133
Throw: Dart              ||     5
Armor: Scale mail        ||   105
Dodge: Dodged            ||    79
Block: Buckler           ||    40
